 Dungeon Crawl Stone Soup version 0.27-a0-3-gcf006a40f5 (webtiles) character file.

Game seed: 18204280004507894704

766 Conn the Sneak (level 7, 0/43 HPs)
             Began as an Octopode Fire Elementalist on Jan 1, 2021.
             Slain by a centaur (3 damage)
             ... on level 6 of the Dungeon.
             The game lasted 00:17:54 (6268 turns).

Conn the Sneak (Octopode Fire Elementalist)         Turns: 6268, Time: 00:17:55

Health: 0/43       AC:  1    Str:  8    XL:     7   Next: 82%
Magic:  12/12      EV: 14    Int: 19    God:
Gold:   210        SH:  0    Dex: 12    Spells: 1/12 levels left

rFire    . . .     SeeInvis .   m - +0 dagger (venom)
rCold    . . .     Faith    .   (no shield)
rNeg     . . .     Spirit   .   (helmet restricted)
rPois    .         Reflect  .   (no amulet)
rElec    .         Harm     .   (no ring)
rCorr    .         Rampage  .   (no ring)
Will     .....                  (no ring)
Stlth    ++++......             (no ring)
HPRegen  0.14/turn              (no ring)
MPRegen  0.13/turn              (no ring)
                                (no ring)
                                (no ring)

@: hasted, very quick
A: almost no armour, stealthy swim, amphibious, 8 rings, constrict 8, camouflage
1, gelatinous body 1
a: no special abilities


You were on level 6 of the Dungeon.
You visited 1 branch of the dungeon, and saw 6 of its levels.

You collected 280 gold pieces.
You spent 70 gold pieces at shops.

Inventory:

Hand Weapons
 c - a +0 short sword
 j - a -2 quick blade
 m - a +0 dagger of venom (weapon)
Missiles
 k - 14 poisoned darts (quivered)
Wands
 b - a wand of iceblast (7)
Scrolls
 a - 5 scrolls of teleportation
 e - 11 scrolls of identify
 f - a scroll of magic mapping


   Skills:
 + Level 1.3 Fighting
 + Level 2.7 Short Blades
 + Level 0.1 Throwing
 + Level 2.7 Dodging
 + Level 6.3 Stealth
 + Level 3.4 Spellcasting
 * Level 3.3 Conjurations
 * Level 5.0 Fire Magic


You had one spell level left.
You knew the following spells:

 Your Spells              Type           Power        Failure   Level
a - Foxfire               Conj/Fire      76%          2%          1
b - Conjure Flame         Conj/Fire      19%          8%          3
c - Inner Flame           Hex/Fire       12%          16%         3
d - Sticky Flame          Conj/Fire      19%          26%         4

Your spell library contained the following spells:

 Spells                   Type           Power        Failure   Level
 Fireball                 Conj/Fire      9%           58%         5


Dungeon Overview and Level Annotations

Branches:
Dungeon (6/15)
 Temple: D:4-7

Altars:
Elyvilon
Hepliaklqana
Nemelex Xobeh
Ru
Trog
Uskayaw

Shops:
D:5 *

Annotations:
D:5 2 transporters, Beaer's ghost, novice VSNe


Innate Abilities, Weirdness & Mutations

You cannot wear most types of armour.
You are very stealthy in the water. (Stealth+)
You are amphibious.
You can wear up to eight rings at the same time.
You can use your tentacles to constrict eight enemies at once.
Your skin changes colour to match your surroundings (Stealth+).
Your rubbery body absorbs attacks. (AC +1, EV +1)


Message History

You see here an arrow.
Okay, then.
Okay, then.
You hear the slow rusting of a very distant drain.
Your surroundings suddenly seem different.
The centaur unwields a +0 shortbow.
The centaur barely misses you.
You see here an arrow.
Okay, then.
Okay, then.
Okay, then.
Okay, then.
Okay, then.
You feel yourself speed up. The centaur barely misses you.
The centaur hits you.
* * * LOW HITPOINT WARNING * * *
Okay, then.
You aren't carrying any potions.
You hit the centaur but do no damage.
The centaur is poisoned.
The centaur hits you.
You die...

### .... ##### #.ยง##
#....
#..#################....
#<....(@c.<..((..)......
####.###############....
#)# #.... #.. #..## ##..
#.## ... #######.#
...... .....#.# ####g.#
###..#.# g..###......#


You could see a centaur (very poisoned).

Vanquished Creatures
  2 ogres
  A centaur (D:3)
  A scorpion (D:5)
  A howler monkey (D:4)
  A jelly (D:6)
  A hound (D:5)
  2 iguanas
  Jessica (D:3)
  Terence (D:2)
  A killer bee zombie (D:5)
  Robin (D:2)
  4 gnolls (D:6)
  7 adders
  A white imp (D:5)
  An ufetubus (D:3)
  An ooze (D:3)
  5 worms
  2 dart slugs
  A leopard gecko (D:3)
  3 orcs
  14 bats
  2 giant cockroaches
  10 goblins
  12 hobgoblins
  16 jackals
  10 kobolds
  5 quokkas
  2 ball pythons
  3 frilled lizards
  8 rats
120 creatures vanquished.

Vanquished Creatures (others)
  253 foxfires
253 creatures vanquished.

Grand Total: 373 creatures vanquished

Notes
Turn   | Place    | Note
-------+----------+-------------------------------------------
     0 | D:1      | Conn the Octopode Fire Elementalist began the quest for the
                  | Orb.
     0 | D:1      | Reached XP level 1. HP: 11/11 MP: 3/3
   221 | D:1      | Reached XP level 2. HP: 16/17 MP: 0/5
   779 | D:1      | Found a sparkling altar of Nemelex Xobeh.
   837 | D:1      | Reached XP level 3. HP: 21/21 MP: 6/6
  1201 | D:2      | Learned a level 3 spell: Conjure Flame
  1267 | D:2      | Reached skill level 3 in Stealth
  1544 | D:2      | Noticed Terence
  1765 | D:3      | Reached XP level 4. HP: 19/27 MP: 2/7
  2142 | D:3      | Noticed Jessica
  2147 | D:3      | Killed Jessica
  2172 | D:3      | Reached XP level 5. HP: 32/32 MP: 7/9
  2180 | D:3      | Reached skill level 1 in Short Blades
  2590 | D:3      | Noticed a centaur
  2782 | D:3      | Learned a level 3 spell: Inner Flame
  3030 | D:2      | Noticed Robin
  3132 | D:2      | Killed Terence
  3133 | D:2      | Reached skill level 4 in Stealth
  3322 | D:2      | Killed Robin
  3792 | D:3      | HP: 1/32 [centaur/arrow (18)]
  3809 | D:3      | Killed a centaur
  3810 | D:3      | Reached XP level 6. HP: 20/37 MP: 7/10
  4302 | D:4      | Found a sacrificial altar of Ru.
  4319 | D:4      | Learned a level 4 spell: Sticky Flame
  4348 | D:4      | Reached skill level 1 in Fighting
  4767 | D:4      | Found a white marble altar of Elyvilon.
  4770 | D:4      | Found a bloodstained altar of Trog.
  4773 | D:4      | Found a hide-covered altar of Uskayaw.
  4776 | D:4      | Found a hazy altar of Hepliaklqana.
  4965 | D:4      | Reached skill level 5 in Stealth
  4965 | D:4      | Reached XP level 7. HP: 36/43 MP: 11/11
  5201 | D:5      | Entered Level 5 of the Dungeon
  5224 | D:5      | Found Muxzesh's Lightly-Used Armoury.
  5230 | D:5      | Bought a -2 quick blade for 70 gold pieces
  5315 | D:5      | Found a transporter.
  5315 | D:5      | Noticed Beaer's ghost (novice VSNe)
  5335 | D:5      | Found a transporter.
  6072 | D:6      | Reached skill level 6 in Stealth
  6157 | D:6      | Reached skill level 5 in Fire Magic
  6260 | D:6      | HP: 1/43 [centaur/arrow (13)]
  6268 | D:6      | Slain by a centaur

Illustrated notes

Levels and vault maps discovered:
D:1:      amcnicky_arrival_underground_garden, layout_loops_corners,
          nemelex_xobeh_ov_fountains_minmay
D:2:      layout_basic, uniq_terence, uniq_robin
D:3:      minmay_chambers_of_twos, layout_loops_ring, uniq_jessica
D:4:      layout_rooms, grunt_temple_overflow_cloverleaf,
          nicolae_ru_awakened_eye
D:5:      layout_gridville, gammafunk_ghost_arena, minmay_shop_damaged
D:6:      layout_rooms, nicolae_overflow_crystal_walls,
          minmay_temple_entry_drinking_statues, portal_sewer_entry_c,
          minmay_manual_mandibuliform

Skill      XL: |  1  2  3  4  5  6  7 |
---------------+----------------------+-----
Stealth        | 3 4 5 6 |  6.3
Short Blades   | 2 |  2.7
Fire Magic     | 4 5 |  5.0
Spellcasting   | 3 |  3.4
Conjurations   | 2 3 |  3.3
Fighting       | 1 |  1.3
Throwing       | |  0.1
Dodging        | |  2.7

Action                   |  1- 3 |  4- 6 |  7- 9 || total
-------------------------+-------+-------+-------++-------
Melee: Constrict         |     9 |    17 |     4 ||    30
       Unarmed           |     1 |       |       ||     1
       Short sword       |    32 |    25 |       ||    57
       Tentacles         |     5 |    12 |     5 ||    22
       Dagger            |       |    38 |    22 ||    60
Throw: Dart              |       |     2 |       ||     2
 Cast: Foxfire           |    47 |    62 |    32 ||   141
       Conjure Flame     |       |       |     1 ||     1
  Use: Scroll            |       |     6 |     4 ||    10
       Potion            |       |     5 |     2 ||     7
 Stab: Sleeping          |     7 |    12 |     3 ||    22
Armor: Skin              |     4 |     2 |     1 ||     7
Dodge: Dodged            |    36 |    44 |    28 ||   108

Table legend: (Time is in decaauts)
 A = Elapsed time spent in this place.
 B = Non-inter-level travel time spent in this place.
 C = Inter-level travel time spent in this place.
 D = Time resting spent in this place.
 E = Time spent auto-exploring this place.
 F = Levels seen in this place.
 G = Mean time per level.
                   A        B        C        D        E       F      G
               +--------+--------+--------+--------+--------+-----+--------+
         Total |   6256 |   6111 |    145 |   1284 |   3252 |   6 | 1042.7 |
       Dungeon |   6256 |   6111 |    145 |   1284 |   3252 |   6 | 1042.7 |
               +--------+--------+--------+--------+--------+-----+--------+

Top non-repeatable levels by time:
     D:3: 1821 daAuts
     D:2: 1266 daAuts
     D:1: 1196 daAuts
     D:4: 906 daAuts
     D:5: 841 daAuts
     D:6: 223 daAuts
